 Dungeon Crawl Stone Soup version 0.19.0-11-g3fc08b3 (webtiles) character file.

7 Jerry the Grave Robber (level 2, 8/14 HPs)
             Began as a Vine Stalker Necromancer on Nov 9, 2016.
             Quit the game on level 1 of the Dungeon.
             The game lasted 00:01:57 (275 turns).

Jerry the Grave Robber (Vine Stalker Necromancer)    Turns: 275, Time: 00:01:58

Health: 8/14       AC:  2    Str: 15    XL:     2   Next: 4%
Magic:  3/6        EV: 12    Int: 15    God:
Gold:   44         SH:  0    Dex: 14    Spells: 2 memorised, 3 levels left

rFire  . . .     SeeInvis .     g - +0 whip (curse)
rCold  . . .     Gourm    .     a - +0 robe
rNeg   . . .     Faith    .     (no shield)
rPois  .         Spirit   +     (no helmet)
rElec  .         Reflect  .     (no cloak)
rCorr  .         Harm     .     (no gloves)
MR     .....                    (no boots)
Stlth  ++........               (no amulet)
                                (no ring)
                                l - +5 ring of strength

@: no status effects
A: fangs 2, magic shield, antimagic bite, no device heal 3, rot immunity
a: no special abilities


You were on level 1 of the Dungeon.
You were not hungry.

You visited 1 branch of the dungeon, and saw 1 of its levels.

You collected 44 gold pieces.

Inventory:

Hand Weapons
 g - a cursed +0 whip (weapon)
Armour
 a - a +0 robe (worn)
Jewellery
 l - a +5 ring of strength (left hand)
Scrolls
 h - 3 scrolls of identify {unknown}
 m - a scroll of recharging {unknown}
Potions
 d - 2 potions of might {unknown}
 e - a potion of heal wounds {unknown}
 f - a potion of cancellation {unknown}
 j - a potion of invisibility {unknown}
 k - a potion of degeneration {unknown}
Books
 b - a book of Necromancy

   Spells                             Type                      Level
   a - Pain                           Necromancy                   1
   b - Animate Skeleton               Necromancy                   1
   c - Vampiric Draining              Necromancy                   3
   d - Regeneration                   Charms/Necromancy            3
   e - Animate Dead                   Necromancy                   4
   f - Control Undead                 Necromancy                   4
Comestibles
 c - a bread ration
 i - a royal jelly


   Skills:
 + Level 1.1 Fighting
 + Level 0.0 Armour
 - Level 1.5 Dodging
 - Level 2.4 Stealth
 - Level 2.1 Spellcasting
 + Level 4.1 Necromancy


You had 3 spell levels left.
You knew the following spells:

 Your Spells              Type           Power        Failure   Level  Hunger
a - Pain                  Necr           ##..         4%          1    #......
b - Animate Skeleton      Necr           N/A          4%          1    #......


Dungeon Overview and Level Annotations

Branches:
Dungeon (1/15)

Altars:


Innate Abilities, Weirdness & Mutations

You have extremely sharp teeth.
When hurt, damage is shared between your health and your magic reserves.
Your bite disrupts and absorbs the magic of your enemies.
Potions and wands cannot restore your health.
You are immune to rotting.


Message History

You kill the bat!
No target in view!
No target in view!
A hobgoblin comes into view.
The hobgoblin shouts!
The hobgoblin barely misses you.
You closely miss the hobgoblin.
You bite the hobgoblin, but do no damage.
The hobgoblin hits you.
You barely miss the hobgoblin. The hobgoblin hits you.
You hit the hobgoblin. Your bite misses the hobgoblin.
The hobgoblin is heavily wounded.
The hobgoblin barely misses you.
You hit the hobgoblin. Your bite misses the hobgoblin.
The hobgoblin is almost dead.
The hobgoblin barely misses you.
You hit the hobgoblin.
You kill the hobgoblin!
You have reached level 2!
Are you sure you want to abandon this character and quit the game? (Confirm with "yes".)

.....###...........##########
........(........###
.......###.####..#
.....#...........##
.......###.#####..#########
.........#.####...........#
.(...........##...........#
...................##.(...#
..###...........@..# .....#
...†........###.†..# ######
.#######..#.# #....# ##
##...###....# # #........###
#........# ###### #........#
.....####........#
.......##.........#


There were no monsters in sight!

Vanquished Creatures
  A giant cockroach (D:1)
  2 hobgoblins (D:1)
  A bat (D:1)
  2 frilled lizards (D:1)
  A goblin (D:1)
  A rat (D:1)
8 creatures vanquished.

Notes
Turn   | Place    | Note
-------+----------+-------------------------------------------
     0 | D:1      | Jerry the Vine Stalker Necromancer began the quest for the Orb.
     0 | D:1      | Reached XP level 1. HP: 9/9 MP: 4/4
     2 | D:1      | Learned a level 1 spell: Animate Skeleton
   142 | D:1      | Reached skill level 1 in Fighting
   274 | D:1      | Reached XP level 2. HP: 8/14 MP: 3/6
   275 | D:1      | Quit the game

Skill      XL: |  1 |
---------------+----+-----
Fighting       | 1 |  1.1
Dodging        | |  1.5
Stealth        | |  2.4
Spellcasting   | |  2.1
Necromancy     | |  4.1

Action                   || total
-------------------------++-------
Melee: Whip              ||    25
       Bite              ||     6
 Cast: Pain              ||     1
 Stab: Sleeping          ||     1
Armor: Robe              ||     8
Dodge: Dodged            ||    23
